 Dungeon Crawl Stone Soup version 0.20.1-1-g8b1a95d (webtiles) character file.

2331 MDKed the Thaumaturge (level 9, -3/57 HPs)
             Began as a Mummy Necromancer on July 9, 2017.
             Was a Believer of Sif Muna.
             Killed by divine providence
             ... invoked by an orc priest
              (13 damage)
             ... on level 7 of the Dungeon.
             The game lasted 01:29:53 (8867 turns).

MDKed the Thaumaturge (Mummy Necromancer)           Turns: 8867, Time: 01:29:53

Health: -3/57      AC:  9    Str: 11    XL:     9   Next: 19%
Magic:  18/21      EV: 15    Int: 17    God:    Sif Muna [**....]
Gold:   351        SH:  0    Dex: 17    Spells: 12/25 levels left

rFire    x . .     SeeInvis .   n - +2 dagger (venom)
rCold    + . .     Gourm    .   (no shield)
rNeg     + + +     Faith    .   c - +1 robe
rPois    ∞         Spirit   .   k - +1 helmet
rElec    .         Reflect  .   v - +2 cloak
rCorr    .         Harm     .   x - +0 pair of gloves
MR       +....                  (no boots)
Stlth    +++.......             (no amulet)
Regen    0.2/turn               i - ring of flight
MPRegen  0.2/turn               r - +4 ring of dexterity

@: slowed, very slow
A: no food or potions, fire vulnerability, cold resistance 1, negative energy
resistance 3, torment resistance, unbreathing
a: Divine Energy, Renounce Religion, Evoke Flight


You were on level 7 of the Dungeon.
You worshipped Sif Muna.
Sif Muna was pleased with you.
You were not hungry.

You visited 2 branches of the dungeon, and saw 8 of its levels.

You collected 351 gold pieces.

Inventory:

Hand Weapons
 n - a +2 dagger of venom (weapon)
 o - a +1 whip of freezing
Armour
 c - a +1 robe (worn)
 k - a +1 helmet (worn)
 v - a +2 cloak (worn)
 x - a +0 pair of gloves (worn)
Jewellery
 i - a ring of flight (left hand)
 r - a +4 ring of dexterity (right hand)
 w - a cursed ring of fire
Wands
 d - a wand of enslavement (5/24)
 g - a wand of random effects (24/48)
 q - a wand of confusion (24/48)
 t - a wand of random effects (24/48)
Scrolls
 a - 8 scrolls of remove curse
 e - a scroll of amnesia
 f - 2 scrolls of magic mapping
 h - 6 scrolls of teleportation
 j - 2 scrolls of immolation
 l - 2 scrolls of blinking
 m - a scroll of recharging
 s - a scroll of noise
 u - a scroll of fog
Books
 b - a book of Necromancy

   Spells                             Type                      Level
   a - Pain                           Necromancy                   1
   b - Animate Skeleton               Necromancy                   1
   c - Vampiric Draining              Necromancy                   3
   d - Regeneration                   Charms/Necromancy            3
   e - Animate Dead                   Necromancy                   4
   f - Control Undead                 Necromancy                   4


   Skills:
 * Level 5.4 Dodging
 + Level 4.5 Stealth
 * Level 8.5 Spellcasting
 * Level 7.8 Necromancy


You had 12 spell levels left.
You knew the following spells:

 Your Spells              Type           Power        Failure   Level  Hunger
a - Control Undead        Necr           ####......   3%          4    N/A
b - Animate Skeleton      Necr           N/A          1%          1    N/A
c - Vampiric Draining     Necr           ####......   1%          3    N/A
x - Animate Dead          Necr           N/A          3%          4    N/A
z - Pain                  Necr           ####         1%          1    N/A

Dungeon Overview and Level Annotations

Branches:
Dungeon (7/15)             Temple (1/1) D:6

Altars:
Ashenzari
Cheibriados
Dithmenos
Elyvilon
Fedhas
Hepliaklqana
Kikubaaqudgha
Makhleb
Nemelex Xobeh
Okawaru
Qazlal
Ru
Sif Muna
Trog
Uskayaw
Xom
Yredelemnul
Zin
The Shining One


Innate Abilities, Weirdness & Mutations

You do not eat or drink.
Your flesh is vulnerable to fire.
You are immune to poison.
Your flesh is cold resistant. (rC+)
You are immune to negative energy. (rN+++)
You are immune to unholy pain and torment.
You can survive without breathing.


Message History

Beogh smites you!
The orc warrior hits you with a battleaxe!!
* * * LOW HITPOINT WARNING * * *
The orc warrior barely misses your orc zombie.
The orc priest hits your orc zombie with a flail!
Your orc zombie is destroyed!
Your orc zombie hits the orc warrior with a whip.
The orc warrior hits your orc zombie with a battleaxe!!
Your orc zombie is destroyed!
The orc barely misses you.
The orc priest calls upon Beogh to heal the orc.
The orc's wounds heal themselves!
The crimson imp blinks!
The orc priest closely misses you.
The orc hits you with a falchion of slicing.
* * * LOW HITPOINT WARNING * * *
x2 The orc priest calls upon Beogh to heal the orc warrior.
The orc warrior's wounds heal themselves!
The orc priest mumbles some strange prayers to Beogh against you.
Beogh smites you!
You die...

***,,,..........# *,,*
,,,,,,..........# *,,*
***,,,..........# *,,*
,,,,,,.........5# *,,*
***,,*.......§.)# *,,*
,,,,,*.........o# *,,*
***,,*.....o..oo### *,,*
,,,,,,#...........# *,,*
*,*,,,.........o@.####..#*******
*,,,,.............'......,,,,,<*
#**,,.............##############
# ****#.........(.(((.Z.ZZ...$<#
# #..........((############# #
#............# # #............#
## #............# .#
#............#


You could see an orc warrior, 2 orc priests, a crimson imp and 2 orcs.

Vanquished Creatures
  Pikel (D:4)
  A spriggan (D:7)
  A sky beast (D:5)
  2 orc warriors
  2 ice beasts
  A slave (D:4)
  2 ogres
  3 centaurs
  A big kobold (D:7)
  2 bullfrogs (D:7)
  A scorpion (D:5)
  A crimson imp (D:6)
  2 howler monkeys (D:6)
  A centaur skeleton (D:6)
  3 hounds
  Crazy Yiuf (D:5)
  3 orc wizards
  An iguana (D:6)
  4 worker ants
  A worker ant zombie (D:5)
  A howler monkey skeleton (D:4)
  5 adders
  3 shadow imps
  An adder zombie (D:6)
  A worm (D:3)
  2 leopard geckos
  14 orcs
  3 giant cockroaches
  5 goblins
  7 hobgoblins
  7 jackals
  9 kobolds
  A quokka (D:3)
  8 bats
  3 frilled lizards
  A quokka skeleton (D:7)
  10 rats
115 creatures vanquished.

Vanquished Creatures (collateral kills)
  A howler monkey (D:5)
  An orc priest (D:5)
  Jessica (D:2)
  An adder (D:3)
  2 giant cockroaches
  A quokka (D:2)
  3 kobolds (D:7)
  A rat (D:3)
11 creatures vanquished.

Vanquished Creatures (others)
  2 worker ants (D:4)
  A jackal (D:4)
  A quokka (D:4)
  A frilled lizard (D:4)
5 creatures vanquished.

Grand Total: 131 creatures vanquished

Notes
Turn   | Place    | Note
-------+----------+-------------------------------------------
     0 | D:1      | MDKed the Mummy Necromancer began the quest for the Orb.
     0 | D:1      | Reached XP level 1. HP: 13/13 MP: 4/4
    25 | D:1      | Learned a level 1 spell: Animate Skeleton
   461 | D:1      | Reached skill level 3 in Spellcasting
   628 | D:1      | Reached XP level 2. HP: 19/19 MP: 4/6
  1022 | D:2      | Found a faded altar of an unknown god.
  1163 | D:2      | Noticed Jessica
  1206 | D:2      | Killed Jessica
  1206 | D:2      | Reached XP level 3. HP: 24/24 MP: 1/8
  1590 | D:2      | Learned a level 3 spell: Vampiric Draining
  1971 | D:2      | Reached XP level 4. HP: 30/30 MP: 3/9
  2384 | D:3      | Found a deep blue altar of Sif Muna.
  2384 | D:3      | Found a glowing silver altar of Zin.
  2385 | D:3      | Found a basalt altar of Yredelemnul.
  2385 | D:3      | Found a burning altar of Makhleb.
  2473 | D:3      | Became a worshipper of Sif Muna the Loreminder
  2491 | D:3      | Reached skill level 4 in Spellcasting
  2788 | D:3      | Reached XP level 5. HP: 31/35 MP: 4/11
  3145 | D:3      | Reached skill level 5 in Necromancy
  3666 | D:4      | Noticed a slave
  3666 | D:4      | Noticed a slave
  3667 | D:4      | Reached * piety under Sif Muna
  3668 | D:4      | Noticed Pikel
  3670 | D:4      | Noticed a slave
  3673 | D:4      | Noticed a slave
  3673 | D:4      | Killed a slave
  3732 | D:4      | Killed Pikel
  3732 | D:4      | Reached skill level 5 in Spellcasting
  3732 | D:4      | Reached XP level 6. HP: 28/41 MP: 0/14
  3732 | D:4      | Reached XP level 7. HP: 32/46 MP: 0/15
  4327 | D:4      | Learned a level 4 spell: Animate Dead
  4332 | D:4      | Learned a level 4 spell: Control Undead
  4741 | D:5      | Entered Level 5 of the Dungeon
  4754 | D:5      | Reached skill level 6 in Spellcasting
  4986 | D:5      | Found a runed door.
  5480 | D:5      | Reached XP level 8. HP: 52/52 MP: 8/18
  5780 | D:5      | Reached skill level 7 in Spellcasting
  6050 | D:5      | Noticed Crazy Yiuf
  6053 | D:5      | Killed Crazy Yiuf
  6518 | D:6      | Found a sacrificial altar of Ru.
  6612 | D:6      | Found a staircase to the Ecumenical Temple.
  6851 | D:6      | Reached ** piety under Sif Muna
  7842 | Temple   | Entered the Ecumenical Temple
  8146 | D:7      | Reached skill level 5 in Dodging
  8154 | D:7      | Reached skill level 8 in Spellcasting
  8325 | D:7      | Reached XP level 9. HP: 42/57 MP: 7/21
  8867 | D:7      | Killed from afar by an orc priest

Skill      XL: |  1  2  3  4  5  6  7  8 |
---------------+-------------------------+-----
Spellcasting   | 3 4 5 6 8 |  8.5
Dodging        | 2 3 4 5 |  5.4
Stealth        | 2 3 4 |  4.5
Necromancy     | 6 7 |  7.8

Action                   |  1- 3 |  4- 6 |  7- 9 || total
-------------------------+-------+-------+-------++-------
Melee: Unarmed           |     2 |     6 |       ||     8
       Whip              |       |    30 |       ||    30
       Dagger            |       |     9 |   122 ||   131
 Cast: Pain              |    61 |    90 |   137 ||   288
       Animate Skeleton  |    18 |    19 |     2 ||    39
       Vampiric Draining |     3 |     5 |    12 ||    20
       Animate Dead      |       |       |    16 ||    16
       Control Undead    |       |       |    30 ||    30
Evoke: Wand              |       |     1 |       ||     1
  Use: Scroll            |     6 |     6 |     9 ||    21
Armor: Robe              |     2 |    24 |    36 ||    62
Dodge: Dodged            |    19 |    47 |   112 ||   178
